 Dungeon Crawl Stone Soup version 0.27-a0-1548-gf8a67e7463 (webtiles) character file.

Game seed: 17221615258490962970

0 Kinoniko the Shield-Bearer (level 1, -2/19 HPs)
             Began as a Minotaur Fighter on July 14, 2021.
             Slain by a gnoll (4 damage)
             ... on level 1 of the Dungeon.
             The game lasted 00:00:08 (30 turns).

Kinoniko the Shield-Bearer (Minotaur Fighter)         Turns: 30, Time: 00:00:08

Health: -2/19      AC:  6    Str: 20    XL:     1   Next: 8%
Magic:  0/0        EV:  7    Int:  5    God:
Gold:   0          SH:  9    Dex:  9    Spells: 0/0 levels left

rFire    . . .     SeeInvis .   a - +0 war axe
rCold    . . .     Faith    .   c - +0 kite shield
rNeg     . . .     Spirit   .   b - +0 scale mail
rPois    .         Reflect  .   (helmet restricted)
rElec    .         Harm     .   (no cloak)
rCorr    .         Rampage  .   (no gloves)
Will     .....                  (no boots)
Stlth    ..........             (no amulet)
HPRegen  0.06/turn              (no ring)
MPRegen  0.07/turn              (no ring)

@: no status effects
A: horns 2, retaliatory headbutt
a: no special abilities


You were on level 1 of the Dungeon.
You visited 1 branch of the dungeon, and saw 1 of its levels.

Inventory:

Hand Weapons
 a - a +0 war axe (weapon)
Armour
 b - a +0 scale mail (worn)
 c - a +0 kite shield (worn)
Potions
 d - a potion of might


   Skills:
 - Level 3.6 Fighting
 * Level 2.4 Axes
 - Level 3.6 Armour
 + Level 3.6 Shields


You couldn't memorise any spells.
You didn't know any spells.
Your spell library was empty.

Dungeon Overview and Level Annotations

Branches:
Dungeon (1/15)

Altars:

Shops:
D:1 :


Innate Abilities, Weirdness & Mutations

You have a pair of horns on your head.
You reflexively headbutt those who attack you in melee.


Message History

Found a scroll labelled IHUTEMU POTAE.
Found a ring mail.
Found Ipotaluu's Book Boutique.
A gnoll comes into view. It is wielding a +0 spear.
The gnoll shouts!
A gnoll is nearby!
A ball python comes into view.
The ball python hisses angrily.
A rat comes into view.
You block the gnoll's attack. The gnoll hits you but does no damage.
A rat comes into view.
You barely miss the gnoll. You block the gnoll's attack.
A quokka comes into view.
The ball python bites you. The ball python grabs you.
The ball python constricts you. You block the gnoll's attack.
You slash the ball python!
You kill the ball python!
You barely miss the gnoll. You block the gnoll's attack.
The gnoll hits you with a +0 spear.
You slash the gnoll! Your headbutt misses the gnoll.
The gnoll is severely wounded.
You hit the rat. You block the gnoll's attack. You block the rat's attack.
You closely miss the gnoll.
The gnoll is severely wounded.
You barely miss the rat. You block the gnoll's attack.
The rat bites you but does no damage. The gnoll hits you with a +0 spear.
The rat bites you.
* * * LOW HITPOINT WARNING * * *
The rat bites you.
* * * LOW HITPOINT WARNING * * *
You hit the gnoll but do no damage. Your headbutt misses the gnoll.
The gnoll is severely wounded.
You hit the rat.
You kill the rat!
You hit the rat. The gnoll hits you with a +0 spear.
* * * LOW HITPOINT WARNING * * *
You block the rat's attack. The quokka completely misses you.
The gnoll hits you with a +0 spear.
You die...

####.#.#.## ...
.....8.8.8# ....
####.....⌠.⌠.##....
#<.##...8.∩.8.....
###''###...⌠.⌠....#
#......##.8.8.8..#
#.≈≈≈§.##.....g..# ##
#.§≈≈≈.##....@r..#
..##......##.....r..#
...###''###..........#
....##..##...?.....#..#
.....#''#...............
..................#.....
........................
..................##...
....[.###.........#


You could see a gnoll, a quokka and a rat.

Vanquished Creatures
  A ball python (D:1)
  A rat (D:1)
2 creatures vanquished.

Notes
Turn   | Place    | Note
-------+----------+-------------------------------------------
     0 | D:1      | Kinoniko the Minotaur Fighter began the quest for the Orb.
     0 | D:1      | Reached XP level 1. HP: 19/19 MP: 0/0
    19 | D:1      | Found Ipotaluu's Book Boutique.
    30 | D:1      | Slain by a gnoll

Illustrated notes

Levels and vault maps discovered:
D:1:      lightli_arrival_lavapool, layout_rooms, serial_shops,
          nicolae_shop_temple_entry_statues_fountains

Action                   || total
-------------------------++-------
Melee: War axe           ||     5
Armor: Scale mail        ||     2
Dodge: Dodged            ||     1
Block: Kite shield       ||     8

Table legend: (Time is in decaauts)
 A = Elapsed time spent in this place.
 B = Non-inter-level travel time spent in this place.
 C = Inter-level travel time spent in this place.
 D = Time resting spent in this place.
 E = Time spent auto-exploring this place.
 F = Levels seen in this place.
 G = Mean time per level.
                   A        B        C        D        E       F      G
               +--------+--------+--------+--------+--------+-----+--------+
         Total |     32 |     32 |      0 |      0 |     21 |   1 |   32.0 |
       Dungeon |     32 |     32 |      0 |      0 |     21 |   1 |   32.0 |
               +--------+--------+--------+--------+--------+-----+--------+

Top non-repeatable levels by time:
     D:1: 32 daAuts
